Map: Last Fantasy LE

Players

AntonABerg - Winner!

  • Race: Terran Terran
  • League: Silver
  • Spawn Location: 3:00

JamesThib

  • Race: Terran Terran
  • League: Master
  • Spawn Location: 7:00

VOD

Have the link to the VOD?

Description

Time

  • Played on: June 12, 2025, 8:55 a.m.
  • Length: 26:28
Show
View Real Time Build Order
Export as new Build Order

AntonABerg Terran - Winner!

Build Orders:  

Get SALT Encoding   

  12  0:03  SCV  
  13  0:19  Supply Depot  
  13  0:22  SCV  
  14  0:32  Refinery  
  14  0:34  SCV  
  15  0:44  Barracks  
  15  0:47  SCV  
  16  0:59  SCV  
  17  1:11  SCV  
  18  1:15  Barracks  
  18  1:23  SCV  
  19  1:33  Barracks  
  19  1:37  Orbital Command  
  19  1:41  Barracks Reactor  
  19  2:02  Barracks Reactor  
  19  2:04  SCV, Supply Depot  
  20  2:16  SCV  
  20  2:22  Marine x2  
  23  2:34  Marine  
  24  2:39  SCV  
  24  2:41  Marine x2  
  27  2:50  Refinery  
  28  2:51  SCV  
  28  2:59  Command Center, Marine x2  
  28  3:01  Barracks Tech Lab  
  28  3:03  SCV  
  31  3:21  Supply Depot  
  31  3:43  SCV, Supply Depot, Marine x5  
  37  3:55  SCV  
  38  4:00  Marine  
  39  4:05  Marine x4  
  39  4:07  Factory  
  39  4:08  Combat Shield  
  43  4:12  SCV  
  44  4:22  Orbital Command  
  41  4:35  Marine x3  
  41  4:37  SCV  
  45  4:47  SCV  
  45  4:49  SCV  
  47  4:59  SCV  
  48  5:01  SCV  
  49  5:10  Command Center  
  49  5:11  SCV  
  49  5:13  SCV  
  51  5:18  Marine x4  
  51  5:19  Marine  
  56  5:23  SCV  
  56  5:25  SCV  
  56  5:27  Factory Tech Lab  
  58  5:36  Marine x4  
  58  5:41  Marine  
  54  6:29  Marine x4  
  54  6:30  Marine  
  58  6:35  Stimpack  
  58  6:47  Marine x3  
  58  6:52  SCV  
  62  7:04  Supply Depot  
  62  7:06  Supply Depot  
  62  7:08  Starport  
  62  7:20  Supply Depot, Engineering Bay  
  62  7:25  SCV, Marine x5  
  62  7:27  Starport  
  62  7:28  SCV  
  69  7:30  Starport  
  69  7:36  Siege Tank  
  72  7:37  SCV  
  72  7:40  SCV  
  72  7:43  Marine x5  
  79  7:47  Engineering Bay  
  79  7:49  SCV, Terran Infantry Weapons Level 1  
  80  7:51  Armory  
  80  7:52  SCV  
  81  8:01  Marine x2  
  81  8:02  SCV  
  81  8:04  SCV  
  85  8:14  SCV  
  85  8:16  Command Center  
  86  8:31  Supply Depot  
  86  8:32  Supply Depot  
  86  8:42  SCV x2, Marine x4  
  86  8:44  Supply Depot  
  92  8:54  SCV  
  92  8:55  Medivac x3  
  99  9:00  Supply Depot x2  
  99  9:10  Marine x3  
  102  9:20  SCV x2  
  104  9:24  Medivac  
  104  9:25  Medivac x2  
  110  9:32  SCV x2  
  112  9:44  SCV x2  
  105  9:58  Marine x2  
  105  9:59  Marine x3  
  110  10:06  Siege Tank  
  113  10:11  Starport Reactor x3  
  113  10:16  Marine x5  
  118  10:24  Refinery  
  118  10:31  Refinery x2  
  118  10:34  Marine x5  
  122  10:39  Siege Tank  
  83  10:52  Marine x5  
  85  11:10  Marine  
  85  11:11  Marine, Siege Tank  
  89  11:12  Marine x3  
  93  11:28  Marine  
  93  11:29  Planetary Fortress, Marine  
  93  11:30  Marine x3  
  98  11:33  SCV x2  
  100  11:43  Siege Tank  
  100  11:45  SCV x2, Marine  
  106  11:47  Marine x4  
  106  11:48  Refinery  
  110  11:57  SCV x2  
  112  12:03  Marine  
  112  12:05  Marine x4  
  117  12:09  SCV x2  
  117  12:13  Refinery  
  116  12:21  SCV, Marine  
  116  12:22  SCV  
  119  12:23  Marine x4  
  123  12:39  Marine  
  123  12:40  Marine  
  123  12:41  Medivac x4, Marine x3  
  123  12:42  Viking  
  123  12:43  Viking  
  140  12:49  Command Center  
  140  12:50  Supply Depot  
  140  12:54  Supply Depot  
  140  12:57  Marine, Terran Vehicle Weapons Level 1  
  141  13:00  Armory  
  141  13:04  Terran Infantry Weapons Level 2  
  141  13:10  Terran Infantry Armor Level 1  
  141  13:12  Marine, Viking x3  
  148  13:13  Marine  
  148  13:16  Marine x3, Viking x2  
  156  13:24  SCV  
  157  13:56  Marine  
  157  13:59  Marine  
  157  14:00  SCV x2  
  155  14:12  SCV x2  
  142  14:24  SCV  
  141  14:42  Siege Tank  
  141  14:44  Marine x5  
  149  14:51  Terran Vehicle And Ship Armor Level 1  
  149  15:00  Planetary Fortress  
  149  15:02  Marine x5  
  154  15:08  Factory  
  154  15:14  Siege Tank  
  157  15:17  Viking x4  
  157  15:19  Marine, Terran Vehicle Weapons Level 2  
  157  15:20  Marine x4  
  158  15:37  Marine  
  158  15:38  Marine x3  
  162  15:46  Siege Tank  
  162  15:56  Barracks  
  156  16:18  Siege Tank  
  159  16:47  Viking x3  
  159  16:48  Viking x3  
  171  16:59  Siege Tank  
  128  17:17  Viking x2  
  128  17:18  Marine x3  
  128  17:19  Marine x2  
  137  17:36  Marine x5  
  132  17:54  Marine x5  
  131  18:11  Marine  
  131  18:12  Marine  
  127  18:14  Marine x3  
  130  18:29  Marine  
  130  18:30  Marine  
  130  18:32  Marine x3  
  135  18:47  Marine x2  
  137  18:49  Marine  
  137  18:50  Marine x2  
  139  19:05  Marine x2  
  139  19:07  Marine  
  139  19:08  Marine x2  
  144  19:15  Refinery  
  144  19:18  Refinery  
  144  19:21  Factory  
  144  19:22  Terran Vehicle And Ship Armor Level 2, Terran Vehicle Weapons Level 3  
  144  19:25  Marine  
  144  19:28  Factory  
  115  20:21  Marine x5  
  120  20:30  Terran Infantry Weapons Level 3  
  120  20:31  Barracks  
  120  20:32  Terran Infantry Armor Level 2  
  120  20:34  Barracks  
  120  20:39  Marine x5  
  125  20:57  Marine x5  
  130  21:09  Command Center  
  130  21:14  Marine  
  130  21:15  Marine x4  
  135  21:32  Marine  
  136  21:33  Marine x4  
  136  21:39  Terran Ship Weapons Level 1  
  140  21:50  Marine x3  
  140  21:51  Marine x2  
  145  22:08  Marine x5  
  146  22:15  Siege Tank  
  148  22:26  Marine x5  
  148  22:29  Supply Depot  
  153  22:31  Supply Depot  
  153  22:34  Terran Vehicle And Ship Armor Level 3  
  153  22:41  Supply Depot  
  153  22:42  Barracks Reactor  
  153  22:43  Marine  
  154  22:44  Barracks Reactor, Marine x4  
  154  22:47  Siege Tank  
  161  23:01  Marine  
  161  23:02  Marine x4  
  161  23:05  Viking x5  
  172  23:06  Viking  
  178  23:14  Terran Infantry Armor Level 3  
  178  23:19  Marine x3, Hi-Sec Auto Tracking, Siege Tank  
  182  23:20  Marine x2  
  186  23:35  Medivac, Viking x5  
  186  23:37  Marine  
  199  23:54  Ghost Academy  
  199  23:59  Refinery, Ghost Academy  
  199  24:00  Ghost Academy  
  199  24:07  Planetary Fortress, Ghost Academy  
  199  24:09  Refinery  
  199  24:12  Factory Tech Lab x2, Factory Reactor  
  199  24:36  Ghost Academy, Personal Cloaking  
  199  24:37  Nuke x2  
  199  24:38  Nuke  
Show
View Real Time Build Order
Export as new Build Order

JamesThib Terran 

Build Orders: Liberator Opening 

Get SALT Encoding   

  12  0:00  SCV  
  13  0:12  SCV  
  14  0:17  Supply Depot  
  14  0:25  SCV  
  15  0:39  SCV  
  16  0:43  Barracks  
  16  0:51  SCV  
  16  0:52  Refinery  
  17  1:03  SCV  
  18  1:15  SCV  
  19  1:30  SCV  
  20  1:42  SCV  
  21  1:47  Barracks Reactor  
  21  1:48  Command Center  
  21  1:54  SCV  
  21  1:59  Supply Depot  
  22  2:06  SCV  
  23  2:14  Factory  
  23  2:21  SCV  
  24  2:35  Bunker  
  24  2:36  Marine  
  24  2:37  Marine  
  26  2:48  Refinery  
  27  3:03  Orbital Command  
  27  3:05  Orbital Command  
  26  3:10  Factory Tech Lab  
  26  3:15  Marine x2, Starport  
  27  3:38  SCV  
  28  3:41  SCV  
  29  3:51  SCV  
  29  3:54  SCV, Liberator  
  34  4:00  Marine x2  
  36  4:03  SCV  
  36  4:06  SCV  
  38  4:18  Marine x2  
  40  4:36  Marine x2  
  45  4:38  Siege Tank  
  45  4:42  Starport Reactor  
  44  4:55  SCV x2  
  46  5:09  Barracks  
  46  5:10  Barracks x2  
  46  5:12  Barracks  
  46  5:15  SCV x2  
  49  5:35  SCV x2  
  50  5:47  SCV x2  
  52  6:17  SCV  
  53  6:19  SCV  
  54  6:28  Barracks Tech Lab x2  
  54  6:29  Barracks Reactor  
  54  6:37  Barracks Reactor  
  51  6:40  SCV  
  51  6:41  SCV  
  53  6:47  Refinery  
  53  6:49  Refinery  
  53  6:52  SCV  
  54  6:58  SCV, Siege Tank  
  58  7:04  SCV  
  58  7:05  Supply Depot x2  
  59  7:10  SCV  
  59  7:12  Combat Shield, Stimpack  
  60  7:22  Engineering Bay  
  60  7:25  SCV x2  
  60  7:28  Supply Depot  
  60  7:29  Supply Depot  
  62  7:36  Siege Tank  
  65  7:37  SCV x2  
  65  7:39  Marine x6  
  73  7:45  Marine x2  
  73  7:50  Supply Depot, Terran Infantry Weapons Level 1  
  75  7:55  Medivac  
  75  7:57  Marine x5  
  75  7:58  Marauder  
  84  8:03  Marine x2  
  86  8:09  Siege Tank  
  89  8:16  Marauder  
  89  8:17  Medivac  
  89  8:19  Marauder  
  95  8:25  Marine  
  95  8:26  Marine x5  
  101  8:31  Supply Depot, Concussive Shells  
  101  8:33  Supply Depot  
  101  8:36  Marine  
  102  8:42  Marine  
  102  8:45  Marine  
  102  8:49  Marine  
  102  8:52  Marine x4  
  102  8:54  Supply Depot, Marine  
  107  8:56  Supply Depot  
  107  9:00  Marine  
  107  9:10  Marine  
  108  9:18  Supply Depot  
  100  9:57  Marine  
  100  9:58  Marine x6  
  100  9:59  Marine  
  108  10:15  Medivac x2, Marine x2  
  108  10:16  Marine, Siege Tank  
  118  10:22  Marine x5  
  123  10:33  Marine x2  
  122  10:45  Medivac  
  122  10:49  Siege Tank  
  127  11:03  Marine x8  
  135  11:15  Supply Depot  
  135  11:16  Supply Depot  
  135  11:21  Marine x4, Siege Tank  
  142  11:36  Marine x4  
  142  11:38  Supply Depot, Marine  
  142  11:39  Marine x2  
  149  11:41  Supply Depot  
  149  12:02  Supply Depot  
  148  12:50  Siege Tank  
  151  12:57  Viking x2  
  155  13:06  Terran Infantry Armor Level 1  
  155  13:16  Armory  
  155  13:19  Engineering Bay  
  155  13:22  Siege Tank  
  155  13:25  Fusion Core  
  155  13:26  Viking  
  155  13:27  Viking  
  161  13:54  Siege Tank  
  164  13:56  Viking  
  132  14:28  Marine  
  132  14:29  Marine x7  
  137  14:46  Marine x2  
  137  14:47  Marine x6  
  145  15:04  Marine x3  
  148  15:14  Marine x5  
  153  15:22  Marine x3  
  146  15:32  Marine x5  
  130  15:39  Marine  
  130  15:40  Marine x2  
  133  15:49  Marine  
  133  15:50  Marine x2  
  126  15:57  Marine x3  
  126  15:58  Marine x2  
  126  15:59  Siege Tank  
  126  16:01  Viking x2  
  136  16:07  Marine  
  136  16:08  Marine x2  
  139  16:15  Marine x3  
  141  16:31  Siege Tank, Viking x2  
  145  16:38  Marine  
  145  16:39  Marine x7  
  150  16:56  Marine  
  150  16:57  Marine x6  
  155  17:03  Siege Tank  
  114  17:45  Marine x8  
  105  18:02  Marine  
  105  18:03  Marine x7  
  101  18:20  Marine  
  101  18:21  Marine x7  
  109  18:32  Command Center  
  109  18:38  Marine  
  109  18:39  Marine x4  
  113  18:45  Marine  
  113  18:46  Command Center, Marine x2  
  107  18:56  Marine x5  
  112  19:03  Marine x2  
  112  19:04  Marine  
  115  19:14  Marine  
  116  19:21  Factory  
  110  19:46  Medivac  
  110  19:47  Medivac  
  85  20:34  Factory  
  85  20:44  Siege Tank  
  78  21:16  Siege Tank  
  67  21:57  Factory Tech Lab  
  65  22:02  Factory Tech Lab  
  65  22:14  Siege Tank  
  62  22:32  Marine x2  
  62  22:33  Marine x6, Caduceus Reactor  
  62  22:36  Terran Infantry Weapons Level 2, Terran Infantry Armor Level 2  
  70  22:39  Terran Vehicle Weapons Level 1  
  70  22:45  Liberator  
  70  22:46  Liberator  
  70  22:50  Marine x7  
  70  22:51  Marine  
  84  23:04  Thor  
  90  23:08  Marine x5  
  95  23:17  Marine x3  
  98  23:23  Siege Tank  
  98  23:25  Marine  
  102  23:29  Advanced Ballistics  
  102  23:35  Marauder x2  
  104  23:55  Siege Tank  
  104  23:56  Missile Turret  
  104  23:57  Missile Turret, Marauder x2  
  104  23:58  Missile Turret  
  111  24:15  Missile Turret x2  
  111  24:16  Missile Turret  
  111  24:17  Marine x6  
  111  24:21  Missile Turret x2  
  111  24:23  Orbital Command  
  111  24:24  Missile Turret  
  117  24:27  Siege Tank  
  120  24:42  Orbital Command  
  123  25:00  Siege Tank  
  123  25:06  Missile Turret  
  123  25:10  Marine x8  
  131  25:27  Marine  
  131  25:28  Marine x7  
Tags
 
Add a new tag
Caveats
  • Supply blocks, unpowered buildings, or Contaminate may cause inaccurate times.
  • Supply counts are checked every 10 seconds.